 Dungeon Crawl Stone Soup version 0.29-a0-284-gf9362112df (webtiles) character file.

Game seed: 9615992233940331224

2 NinjaNoafa the Caller (level 1, -1/13 HPs)
             Began as a Merfolk Summoner on Mar 28, 2022.
             Slain by a rat (2 damage)
             ... on level 1 of the Dungeon.
             The game lasted 00:01:13 (30 turns).

NinjaNoafa the Caller (Merfolk Summoner)              Turns: 30, Time: 00:01:14

Health: -1/13      AC:  2    Str:  8    XL:     1   Next: 30%
Magic:  0/3        EV: 12    Int: 14    God:
Gold:   0          SH:  0    Dex: 14    Spells: 3/4 levels left

rFire   . . .      SeeInvis .   (no weapon)
rCold   . . .      Faith    .   (no shield)
rNeg    . . .      Spirit   .   a - +0 robe
rPois   .          Reflect  .   (no helmet)
rElec   .          Harm     .   (no cloak)
rCorr   .          Rampage  .   (no gloves)
Will    .....                   (no boots)
Stlth   ++........              (no amulet)
HPRegen 0.04/turn               (no ring)
MPRegen 0.08/turn               (no ring)

@: very slightly contaminated
A: (nimble swimmer 2), mertail
a: no special abilities


You were on level 1 of the Dungeon.
You visited 1 branch of the dungeon, and saw 1 of its levels.

Inventory:

Missiles
 c - 13 stones (quivered)
Armour
 a - a +0 robe (worn)
Potions
 b - a potion of magic


   Skills:
 + Level 2.6 Dodging
 + Level 2.1 Stealth
 + Level 2.0 Spellcasting
 + Level 4.1 Summonings


You had 3 spell levels left.
You knew the following spells:

 Your Spells              Type           Power      Damage    Failure   Level
a - Summon Small Mammal   Summ           48%        N/A       4%          1

Your spell library contained the following spells:

 Spells                   Type           Power      Damage    Failure   Level
 Call Imp                 Summ           12%        N/A       7%          2
 Call Canine Familiar     Summ           12%        N/A       13%         3
 Summon Guardian Golem    Hex/Summ       7%         N/A       30%         3
 Summon Lightning Spire   Summ/Air       7%         N/A       71%         4


Dungeon Overview and Level Annotations

Branches:
Dungeon (1/15)

Altars:


Innate Abilities, Weirdness & Mutations

((You are very nimble when in or above water. (Stealth+, EV+, Speed+++)))
Your lower body shifts to a powerful aquatic tail in water.


Message History

The jackal dies!
The jackal misses you.
Your rat bites the rat.
You closely miss the giant cockroach. The giant cockroach barely misses you.
The jackal barely misses you. The giant cockroach misses you.
The jackal barely misses you.
Your rat bites the giant cockroach.
The jackal attacks as you move away! The jackal bites you.
The rat bites you but does no damage.
There is a fountain of clear blue water here.
You hit the jackal but do no damage. The jackal bites your rat.
The giant cockroach closely misses you. The rat completely misses you.
Your rat bites the rat.
The rat dies!
You closely miss the rat. The jackal barely misses you.
The jackal closely misses your rat. The giant cockroach barely misses you.
The giant cockroach bites you but does no damage.
The jackal bites you but does no damage.
The rat bites you but does no damage. The jackal barely misses you.
The jackal bites your rat but does no damage.
Your rat bites the jackal but does no damage.
You barely miss the rat. The giant cockroach closely misses you.
The giant cockroach misses you. The jackal bites you.
The jackal barely misses you. The jackal bites your rat.
Your rat dies!
Your rat's corpse disappears in a puff of smoke!
The rat bites you. The giant cockroach closely misses you.
You barely miss the rat. The giant cockroach closely misses you.
The jackal bites you but does no damage.
The jackal misses you. The rat closely misses you.
The rat twitches its whiskers.
The giant cockroach barely misses you. The jackal misses you.
The giant cockroach bites you.
* * * LOW HITPOINT WARNING * * *
The jackal bites you.
* * * LOW HITPOINT WARNING * * *
You closely miss the rat. The jackal closely misses you.
The giant cockroach bites you but does no damage.
The jackal barely misses you.
The giant cockroach bites you but does no damage.
The rat bites you.
You die...

###+#######+###
#..⌠...>.hB@h.#
#......<..hrB.#
+⌠....###J...⌠+
#......rJ.....#
#######'#######
#....Brrr.J..
#....rJr)J....
#.............#
###############


You could see 3 endoplasms, 3 jackals, 3 giant cockroaches and 7 rats.

Vanquished Creatures (collateral kills)
  A jackal (D:1)
  A rat (D:1)
2 creatures vanquished.

Notes
Turn   | Place    | Note
-------+----------+-------------------------------------------
     0 | D:1      | NinjaNoafa the Merfolk Summoner began the quest for the
                  | Orb.
     0 | D:1      | Reached XP level 1. HP: 13/13 MP: 3/3
     1 | D:1      | Found a runed translucent door.
    30 | D:1      | Slain by a rat

Illustrated notes

Levels and vault maps discovered:
D:1:      dpeg_arrival_caged_fury, layout_rooms, roderic_roman_lattice,
          kennysheep_decorative_pillar

Action                   || total
-------------------------++-------
Melee: Unarmed           ||     6
Throw: Stone             ||     3
 Cast: Summon Small Mamm ||     1
Armor: Robe              ||    15
Dodge: Dodged            ||    28

Table legend: (Time is in decaauts)
 A = Elapsed time spent in this place.
 B = Non-inter-level travel time spent in this place.
 C = Inter-level travel time spent in this place.
 D = Time resting spent in this place.
 E = Time spent auto-exploring this place.
 F = Levels seen in this place.
 G = Mean time per level.
                   A        B        C        D        E       F      G
               +--------+--------+--------+--------+--------+-----+--------+
         Total |     30 |     30 |      0 |      0 |      0 |   1 |   30.0 |
       Dungeon |     30 |     30 |      0 |      0 |      0 |   1 |   30.0 |
               +--------+--------+--------+--------+--------+-----+--------+

Top non-repeatable levels by time:
     D:1: 30 daAuts
